 Dungeon Crawl Stone Soup version 0.27.1-15-g792fb953b9 (webtiles) character file.

Game seed: 11565396437908279282

259 pkoi the Slasher (level 5, 0/69 HPs)
             Began as a Minotaur Gladiator on Nov 19, 2021.
             Killed from afar by an orc wizard (5 damage)
             ... with a magic dart
             ... on level 3 of the Dungeon.
             The game lasted 00:03:34 (3768 turns).

pkoi the Slasher (Minotaur Gladiator)               Turns: 3768, Time: 00:03:34

Health: 0/69       AC: 22    Str: 15 (18) XL:     5   Next: 95%
Magic:  0/4        EV:  2    Int:  4 (5)  God:
Gold:   102        SH:  0    Dex: 10 (11) Spells: 4/4 levels left

rFire    + . .     SeeInvis .   a - +0 long sword
rCold    + . .     Faith    .   (no shield)
rNeg     + + +     Spirit   +   (armour currently unavailable)
rPois    +         Reflect  .   (helmet currently unavailable)
rElec    +         Harm     .   (cloak currently unavailable)
rCorr    +         Rampage  .   (gloves currently unavailable)
Will     .....     NoTele   +   (boots currently unavailable)
Stlth    +.........             o - amulet of guardian spirit
HPRegen  0.21/turn              (no ring)
MPRegen  0.09/turn              (no ring)

@: mighty, tree-form, resistant
A: stationary, stasis, torment immunity, boosted hp, (horns 2), (retaliatory
headbutt), weak 1
a: no special abilities


You were on level 3 of the Dungeon.
You were a tree.
You visited 1 branch of the dungeon, and saw 4 of its levels.

You collected 102 gold pieces.

Inventory:

Hand Weapons
 a - a +0 long sword (weapon)
Missiles
 d - 3 throwing nets (quivered)
 j - 8 poisoned darts
Armour
 b - a +0 leather armour (melded)
 c - a +0 hat (melded)
Jewellery
 o - an amulet of guardian spirit (around neck)
Wands
 k - a wand of iceblast (3)
 l - a wand of paralysis (7)
Scrolls
 e - 6 scrolls of identify {unknown}
Potions
 h - 3 potions of mutation
 i - a potion of curing


   Skills:
 + Level 3.9 Fighting
 * Level 5.8 Long Blades
 + Level 3.3 Throwing
 + Level 2.9 Armour
 - Level 3.2 Dodging


You had 4 spell levels left.
You didn't know any spells.
Your spell library contained the following spells:

 Spells                   Type           Power      Damage    Failure   Level
 Corpse Rot               Necr/Air       N/A        N/A       65%         2
 Passwall                 Tmut/Erth      0%         N/A       65%         2
 Poisonous Vapours        Pois/Air       0%         N/A       65%         2
 Swiftness                Air            0%         N/A       86%         3
 Freezing Cloud           Conj/Ice/Air   0%         6-21      100%        5
 Invisibility             Hex            0%         N/A       100%        6


Dungeon Overview and Level Annotations

Branches:
Dungeon (4/15)
 Temple: D:4-7

Altars:
Wu Jian


Innate Abilities, Weirdness & Mutations

You are a tree.
Your roots penetrate the ground, keeping you stationary.
You cannot be teleported.
You are immune to unholy pain and torment.
Your maximum health is greatly increased.
Your equipment is partially melded.
((You have a pair of horns on your head.))
((You reflexively headbutt those who attack you in melee.))
You are weak. (Str -2)


Message History

Something hits you but does no damage.
It was a potion of curing.
You feel better. Something hits you but does no damage.
You hit something. Something hits you but does no damage.
You closely miss something.
You hear some strange, mumbled words.
A magic dart appears from out of thin air!
The magic dart hits you.
* * * LOW HITPOINT WARNING * * *
Something hits you.
* * * LOW HITPOINT WARNING * * *
It was a potion of lignification.
You turn into a tree.
Your +0 hat melds into your body.
Your +0 leather armour melds into your body.
Your roots penetrate the ground.
An orc wizard appears from thin air!
Reactivating autopickup.
The orc wizard gestures at you while chanting.
You are confused.
It was a potion of resistance.
You feel protected.
The orc wizard casts a spell.
The orc wizard flickers and vanishes!
Deactivating autopickup; reactivate with Ctrl-A.
You cannot move. (Use ctrl+direction or * direction to attack without moving.)
You cannot move. (Use ctrl+direction or * direction to attack without moving.)
You completely miss something. Something hits you but does no damage.
You miss something. Something hits you but does no damage.
You swing at nothing.
Something hits you but does no damage.
You barely miss something.
You feel less confused. Something hits you but does no damage.
You barely miss something. Something hits you.
You miss something. Something hits you but does no damage.
You completely miss something. Something hits you.
* * * LOW HITPOINT WARNING * * *
You miss something.
You hear some strange, mumbled words.
A magic dart appears from out of thin air!
The magic dart hits you.
You die...

..#####+#<#+#..#...#.#.#.#
...#...........#...#.#.#.#
...#.......)...#...#.#.#.#
<..#...............#...#.#
..##..........#....#.....#
..###.....#.#.#....#.############
..# #.....#.#.##................#
..# ###+#.#.#.##..##.##########.#
..# #.#.#.#.##♣{).....# #.# ..#
#...#.#...[....##.# #.# ..#
######.####.######.# #.# ###
#......# #......#.# #.# #.######
#.####.#.# #.# #.# ### #.#.# #.#
#.##############.#.# #.#
#................#.#######.#
##################.........#


There were no monsters in sight!

Vanquished Creatures
  An ogre (D:3)
  A scorpion (D:3)
  An orc priest (D:3)
  An iguana (D:2)
  A dart slug (D:2)
  3 orcs
  5 ball pythons
  2 endoplasms (D:2)
  2 giant cockroaches
  4 goblins
  5 hobgoblins
  7 jackals
  3 quokkas
  3 bats
  3 frilled lizards
  12 kobolds
  7 rats
61 creatures vanquished.

Vanquished Creatures (others)
  4 plants (D:2)
4 creatures vanquished.

Grand Total: 65 creatures vanquished

Notes
Turn   | Place    | Note
-------+----------+-------------------------------------------
     0 | D:1      | pkoi the Minotaur Gladiator began the quest for the Orb.
     0 | D:1      | Reached XP level 1. HP: 18/18 MP: 0/0
   262 | D:1      | Reached XP level 2. HP: 13/25 MP: 1/1
   551 | D:1      | Reached skill level 4 in Long Blades
   694 | D:1      | Reached skill level 1 in Armour
  1067 | D:2      | Found a faded altar of an unknown god.
  1076 | D:2      | Reached XP level 3. HP: 19/30 MP: 2/2
  1648 | D:2      | Reached XP level 4. HP: 38/38 MP: 3/3
  1897 | D:3      | Noticed a scorpion
  1976 | D:3      | Killed a scorpion
  1977 | D:3      | Reached skill level 5 in Long Blades
  2568 | D:3      | Found an ornate altar of the Wu Jian Council.
  2583 | D:3      | Reached XP level 5. HP: 40/45 MP: 4/4
  3210 | D:4      | Noticed an ogre
  3472 | D:3      | Killed an ogre
  3754 | D:3      | Gained mutation: You are weak. (Str -2) [potion of
                  | mutation]
  3754 | D:3      | HP: 2/46 [something/magic dart (4)]
  3768 | D:3      | Killed from afar by an orc wizard

Illustrated notes

Levels and vault maps discovered:
D:1:      minmay_arrival_widening_spiral_wide, layout_basic
D:2:      layout_basic, ebering_ecumenical_altar_mist, serial_bayou_pond_c,
          kennysheep_path_1
D:3:      layout_basic, nicolae_wu_jian_wuxing_cycle, minmay_hedge_maze,
          grunt_decor_fettered
D:4:      minmay_wonky_spiral, layout_loops_cross

Skill      XL: |  1  2  3  4  5 |
---------------+----------------+-----
Long Blades    | 4 5 |  5.8
Armour         | 1 2 |  2.9
Fighting       | 3 |  3.9
Throwing       | 3 |  3.3
Dodging        | |  3.2

Action                   |  1- 3 |  4- 6 || total
-------------------------+-------+-------++-------
Melee: Long sword        |    60 |    70 ||   130
       Headbutt          |     6 |     7 ||    13
  Use: Potion            |       |     6 ||     6
 Stab: Sleeping          |     1 |       ||     1
Armor: Leather armour    |     8 |    18 ||    26
       Skin              |       |     5 ||     5
Dodge: Dodged            |    38 |    55 ||    93
       Rpst.: Long sword |     9 |     9 ||    18
